 Dungeon Crawl Stone Soup version 0.28.0-47-ge53b351184 (webtiles) character file.

Game seed: 8163542114096384965

171 pkoi the Ruffian (level 5, -4/45 HPs)
             Began as a Demigod Gladiator on May 5, 2022.
             Slain by a gnoll
             ... wielding a +0 halberd
              (11 damage)
             ... on level 2 of the Dungeon.
             The game lasted 00:04:55 (4492 turns).

pkoi the Ruffian (Demigod Gladiator)                Turns: 4492, Time: 00:04:56

Health: -4/45      AC:  4    Str: 19    XL:     5   Next: 5%
Magic:  7/7        EV: 12    Int: 10    God:
Gold:   57         SH:  0    Dex: 15    Spells: 4/4 levels left

rFire   . . .      SeeInvis .     - Unarmed
rCold   . . .      Faith    .   (no shield)
rNeg    . . .      Spirit   .   m - +1 robe {Will+}
rPois   .          Reflect  .   b - +0 helmet
rElec   .          Harm     .   (no cloak)
rCorr   .          Rampage  .   (no gloves)
Will    +....                   (no boots)
Stlth   +.........              (no amulet)
HPRegen 0.15/turn               (no ring)
MPRegen 0.10/turn               (no ring)

@: no status effects
A: high MP 1, forlorn, divine attributes
a: no special abilities


You were on level 2 of the Dungeon.
You visited 1 branch of the dungeon, and saw 3 of its levels.

You collected 57 gold pieces.

Inventory:

Hand Weapons
 d - a +0 hand axe
 f - a +0 mace
 h - a +0 short sword
Missiles
 c - 3 throwing nets
 i - 46 stones (quivered)
 l - 6 poisoned darts
Armour
 b - a +0 helmet (worn)
 m - a +1 robe of willpower (worn)
Potions
 e - a potion of flight
 j - a potion of mutation


   Skills:
 - Level 3.0 Fighting
 - Level 1.7 Throwing
 + Level 2.2 Armour
 - Level 2.6 Dodging
 * Level 4.1 Unarmed Combat


You had 4 spell levels left.
You didn't know any spells.
Your spell library was empty.

Dungeon Overview and Level Annotations

Branches:
Dungeon (3/15)

Shops:
D:2 *


Innate Abilities, Weirdness & Mutations

You have an increased reservoir of magic. (+10% MP)
You shall have no god before yourself.
Your divine heritage dramatically boosts your attributes as you level up.


Message History

* * * LOW HITPOINT WARNING * * *
You hit the gnoll.
The gnoll is almost dead.
The gnoll hits you with a +0 flail.
* * * LOW HITPOINT WARNING * * *
The gnoll barely misses you.
You hit the gnoll.
You kill the gnoll!
The gnoll hits you from afar with a +0 halberd!
* * * LOW HITPOINT WARNING * * *
You have reached level 5!
Unknown command.
The gnoll misses you.
There is an open door here.
You open the door.
The gnoll hits you from afar with a +0 halberd.
* * * LOW HITPOINT WARNING * * *
There is an open door here.
Really walk into that teleport trap?
You enter a teleport trap!
The teleport trap disappears.
Your surroundings suddenly seem different.
The gnoll shouts!
There is a stone staircase leading down here.
The gnoll barely misses you.
You climb downwards.
The orc shouts!
The orc hits you but does no damage.
There is a stone staircase leading up here.
The orc priest shouts!
The orc hits you with a +0 dagger.
* * * LOW HITPOINT WARNING * * *
You climb upwards.
There is a stone staircase leading down here.
Unknown command.
The orc hits you with a +0 dagger.
* * * LOW HITPOINT WARNING * * *
The gnoll misses you. The orc hits you with a +0 dagger.
* * * LOW HITPOINT WARNING * * *
The gnoll hits you from afar with a +0 halberd!
You die...

########### #.......#
#.........# #.......#####
#.).......# #.......<....
#.........# #.......#####
#.........# #.......'....
#.........# #.......##...
#.........# #.......##...
#.[.......###########'###...
#..[....>o.@.....)......'..[
#........g##########...##...
########'## #.#.##... #.#
#...##... #.# #.∩.###.. #.#
#...# #.. ##'###### #.#.#
#.. #.......# #...# #..
###########.......# ##.##
###


You could see a gnoll and an orc.

Vanquished Creatures
  Jessica (D:2)
  An orc wizard (D:3)
  3 gnolls (D:2)
  2 adders (D:2)
  2 worms (D:2)
  2 dart slugs
  2 orcs (D:2)
  3 bats
  2 endoplasms (D:1)
  7 hobgoblins
  14 jackals (D:1)
  4 kobolds
  4 quokkas
  5 ball pythons
  4 frilled lizards
  3 rats
59 creatures vanquished.

Vanquished Creatures (others)
  2 plants (D:1)
2 creatures vanquished.

Grand Total: 61 creatures vanquished

Notes
Turn   | Place    | Note
-------+----------+-------------------------------------------
     0 | D:1      | pkoi the Demigod Gladiator began the quest for the Orb.
     0 | D:1      | Reached XP level 1. HP: 17/17 MP: 3/3
   444 | D:1      | Reached XP level 2. HP: 17/24 MP: 4/4
   722 | D:1      | Reached skill level 1 in Armour
   728 | D:1      | Reached skill level 3 in Unarmed Combat
   889 | D:1      | Reached XP level 3. HP: 12/30 MP: 5/5
  1789 | D:2      | Found Etyteucw's Assorted Antiques.
  2946 | D:2      | Reached XP level 4. HP: 28/37 MP: 6/6
  3595 | D:2      | Noticed Jessica
  3603 | D:2      | Killed Jessica
  4280 | D:3      | Reached skill level 4 in Unarmed Combat
  4467 | D:2      | Reached XP level 5. HP: 15/45 MP: 7/7
  4492 | D:2      | Slain by a gnoll

Illustrated notes

Levels and vault maps discovered:
D:1:      minmay_arrival_jagged, layout_basic, serial_forest,
          infiniplex_forest_lined_room_3, infiniplex_forest_straight_2,
          infiniplex_forest_straight_4, infiniplex_forest_lined_corner,
          infiniplex_forest_straight_2, infiniplex_forest_lined_2,
          infiniplex_forest_clump_curved, infiniplex_forest_straight_2,
          infiniplex_forest_clump_small, infiniplex_forest_clump_tiny,
          hellmonk_ecumenical_altar_blasted
D:2:      layout_basic, serial_shops, nicolae_shop_stone, uniq_jessica
D:3:      layout_rooms, nicolae_hepliaklqana_hippocampus

Skill      XL: |  1  2  3  4 |
---------------+-------------+-----
Fighting       | 2 3 |  3.0
Armour         | 1 2 |  2.2
Unarmed Combat | 3 4 |  4.1
Throwing       | |  1.7
Dodging        | |  2.6

Action                   |  1- 3 |  4- 6 || total
-------------------------+-------+-------++-------
Melee: Hand axe          |   106 |       ||   106
       Unarmed           |    41 |    41 ||    82
       Punch             |     5 |     2 ||     7
       Short sword       |       |    37 ||    37
Throw: Stone             |    35 |     8 ||    43
  Use: Scroll            |       |     4 ||     4
       Potion            |       |     1 ||     1
Armor: Leather armour    |    57 |     2 ||    59
       Robe              |       |    22 ||    22
Dodge: Dodged            |   130 |    59 ||   189
